 Dungeon Crawl Stone Soup version 0.19.0-19-g8c6edcc (webtiles) character file.

129 MovingMist the Skirmisher (level 5, 0/34 HPs)
             Began as a Gargoyle Fighter on Nov 13, 2016.
             Slain by MovingMist's ghost (6 damage)
             ... on level 3 of the Dungeon.
             The game lasted 00:03:44 (1459 turns).

MovingMist the Skirmisher (Gargoyle Fighter)        Turns: 1459, Time: 00:03:45

Health: 0/34       AC: 14    Str: 21    XL:     5   Next: 12%
Magic:  5/5        EV:  5    Int:  8    God:
Gold:   140        SH:  9    Dex:  9    Spells: 0 memorised, 4 levels left

rFire  . . .     SeeInvis .     a - +0 flail
rCold  . . .     Gourm    .     p - +0 chain mail
rNeg   + . .     Faith    .     c - +0 shield
rPois  ∞         Spirit   .     r - +0 helmet
rElec  +         Reflect  .     (no cloak)
rCorr  .         Harm     +     (no gloves)
MR     .....                    (no boots)
Stlth  ..........               h - amulet of harm
                                (no ring)
                                (no ring)

@: no status effects
A: negative energy resistance 1, electricity resistance, unbreathing,
petrification resistance, rot immunity, AC +4
a: no special abilities


You were on level 3 of the Dungeon.
You were not hungry.

You visited 1 branch of the dungeon, and saw 3 of its levels.

You collected 140 gold pieces.

Inventory:

Hand Weapons
 a - a +0 flail (weapon)
Missiles
 q - 2 throwing nets (quivered)
Armour
 c - a +0 shield (worn)
 p - a +0 chain mail (worn)
 r - a +0 helmet (worn)
Jewellery
 b - a +4 ring of dexterity {unknown}
 h - an amulet of harm (around neck)
Scrolls
 e - 3 scrolls of remove curse {unknown}
 j - 2 scrolls of identify {unknown}
 m - 2 scrolls of blinking {unknown}
 n - a scroll of teleportation {unknown}
 o - a scroll of fog {unknown}
 t - a scroll of amnesia {unknown}
Potions
 d - 2 potions of might
 l - a potion of haste {unknown}
 s - a potion of heal wounds {unknown}
 u - a potion of agility {unknown}
Comestibles
 f - a bread ration
 g - 2 chunks of flesh
 i - a slice of pizza
 k - 3 meat rations


   Skills:
 + Level 4.3 Fighting
 + Level 2.9 Maces & Flails
 + Level 4.0 Armour
 * Level 0.8 Dodging
 - Level 4.0 Shields


You had 4 spell levels left.
You didn't know any spells.

Dungeon Overview and Level Annotations

Branches:
Dungeon (3/15)

Altars:

Annotations:
D:3 MovingMist's ghost, amateur GrFi


Innate Abilities, Weirdness & Mutations

You are resistant to torment.
Your stone body is resilient. (AC +4)
You are immune to poison.
You resist negative energy. (rN+)
You are resistant to electric shocks. (rElec)
You can survive without breathing.
You are immune to petrification.
You are immune to rotting.


Message History

MovingMist's ghost is almost destroyed.
MovingMist's ghost hits you but does no damage.
MovingMist's ghost hits you.
You hit MovingMist's ghost but do no damage.
MovingMist's ghost is almost destroyed.
MovingMist's ghost hits you.
You hit MovingMist's ghost.
MovingMist's ghost is almost destroyed.
MovingMist's ghost hits you but does no damage.
You barely miss MovingMist's ghost.
MovingMist's ghost is almost destroyed.
MovingMist's ghost hits you. x2
* * * LOW HITPOINT WARNING * * *
You hit MovingMist's ghost but do no damage.
MovingMist's ghost is almost destroyed.
MovingMist's ghost hits you but does no damage.
Your shield and chain mail prevent you from hitting MovingMist's ghost.
MovingMist's ghost is almost destroyed.
MovingMist's ghost hits you.
You die...

#.........
#.........
##.........
#..........
#.....####.
##.....#
#<####.#
#W# %# #@#
.# #.# #
... .#.##
#.#.. # #.#
#.. ###


You could see MovingMist's ghost.

Vanquished Creatures
  A hound (D:3)
  Robin (D:2)
  3 adders (D:2)
  2 dart slugs
  2 leopard geckos (D:2)
  A giant cockroach (D:1)
  15 goblins
  4 hobgoblins
  3 jackals (D:2)
  A quokka (D:2)
  4 bats (D:1)
  6 frilled lizards
  9 kobolds
  5 rats
57 creatures vanquished.

Notes
Turn   | Place    | Note
-------+----------+-------------------------------------------
     0 | D:1      | MovingMist the Gargoyle Fighter began the quest for the Orb.
     0 | D:1      | Reached XP level 1. HP: 14/14 MP: 1/1
    99 | D:1      | Reached XP level 2. HP: 19/19 MP: 2/2
   351 | D:1      | Reached XP level 3. HP: 24/24 MP: 3/3
   879 | D:2      | Noticed Robin
   949 | D:2      | Killed Robin
   949 | D:2      | Reached XP level 4. HP: 13/29 MP: 4/4
  1426 | D:3      | Noticed MovingMist's ghost (amateur GrFi)
  1444 | D:3      | Reached XP level 5. HP: 25/34 MP: 5/5
  1459 | D:3      | Slain by MovingMist's ghost

Skill      XL: |  1  2  3  4 |
---------------+-------------+-----
Fighting       | 4 |  4.3
Shields        | 4 |  4.0
Armour         | 4 |  4.0
Maces & Flails | |  2.9
Dodging        | |  0.8

Action                   |  1- 3 |  4- 6 || total
-------------------------+-------+-------++-------
Melee: Flail             |   180 |    73 ||   253
  Eat: Chunk             |       |     2 ||     2
Armor: Scale mail        |    70 |       ||    70
       Chain mail        |    42 |    44 ||    86
Dodge: Dodged            |    58 |    14 ||    72
Block: Shield            |    87 |    31 ||   118
